 Dungeon Crawl Stone Soup version 0.18.1-2-ga659475 (webtiles) character file.

14096 vale the Artisan of Death (level 12, 0/106 HPs)
             Began as a Naga Wizard on May 7, 2016.
             Was a Priest of Kikubaaqudgha.
             Slain by a komodo dragon (29 damage)
             ... on level 1 of the Lair of Beasts on May 8, 2016.
             The game lasted 01:13:23 (21112 turns).

vale the Artisan of Death (Naga Wizard)            Turns: 21112, Time: 01:13:24

Health: 0/106      AC: 10    Str: 11    XL:     12   Next: 12%
Magic:  2/24       EV: 12    Int: 28    God:    Kikubaaqudgha [***...]
Gold:   455        SH:  0    Dex: 11    Spells: 9 memorised, 6 levels left

rFire  . . .     SeeInvis +     a - +1 dagger (venom)
rCold  . . .     Gourm    +     i - +0 robe
rNeg   . . .     Faith    .     (no shield)
rPois  +         Spirit   .     V - +1 helmet
rElec  .         Dismiss  .     H - +1 cloak {+Inv}
rCorr  .         Reflect  .     R - +0 pair of gloves
SustAt .         Harm     .     (no barding)
MR     +....                    p - amulet of the gourmand
Stlth  ++++++....               P - ring of stealth
                                S - +2 ring of strength

@: brilliant, flying (expiring), repel missiles, very slow, somewhat resistant
to hostile enchantments, very stealthy
A: see invisible, deformed body, poison resistance, slowness 2, slow metabolism
1, spit poison 2, AC +4
a: Spit Poison, Receive Corpses, Renounce Religion, Evoke Invisibility


You were on level 1 of the Lair of Beasts.
You worshipped Kikubaaqudgha.
Kikubaaqudgha was most pleased with you.
You were completely stuffed.

You visited 3 branches of the dungeon, and saw 14 of its levels.

You collected 625 gold pieces.
You spent 170 gold pieces at shops.

Inventory:

Hand Weapons
 a - a +1 dagger of venom (weapon)
 b - a -1 blowgun
 l - a +2 great sword
 q - a +0 dagger of chaos
 J - a +1 short sword of holy wrath
 X - the +2 battleaxe "Hubeboc" {vamp, Int+3}
   (You found it on level 1 of the Lair of Beasts)

   It inflicts no extra harm, but heals its wielder somewhat when it strikes a
   living foe.
   It affects your intelligence (+3).
Missiles
 v - 23 poisoned needles
 x - 2 tomahawks (quivered)
 M - 2 throwing nets
Armour
 i - a +0 robe (worn)
 o - a +0 shadow dragon armour
 H - a +1 cloak of invisibility (worn)
 R - a +0 pair of gloves (worn)
 V - a +1 helmet (worn)
Jewellery
 p - an amulet of the gourmand (around neck)
 s - a cursed ring of protection from magic {unknown}
 P - a ring of stealth (right hand)
 S - a +2 ring of strength (left hand)
Wands
 y - a wand of enslavement (7/24)
 L - a wand of enslavement (0/24)
 U - a wand of polymorph (9/24)
Scrolls
 j - 2 scrolls of magic mapping
 k - 6 scrolls of remove curse
 u - 7 scrolls of enchant weapon
 w - 2 scrolls of enchant armour
 z - 2 scrolls of recharging
 G - 2 scrolls of amnesia
 Q - 3 scrolls of identify
Potions
 f - a potion of haste
 n - a potion of might
 t - 2 potions of lignification
 A - 4 potions of curing
 E - a potion of cancellation
 F - a potion of agility
 W - a potion of flight
Books
 c - a book of Minor Magic

   Spells                             Type                      Level
   a - Magic Dart                     Conjuration                  1
   b - Blink                          Translocation                2
   c - Call Imp                       Summoning                    2
   d - Repel Missiles                 Charms/Air                   2
   e - Slow                           Hexes                        2
   f - Conjure Flame                  Conjuration/Fire             3
   g - Mephitic Cloud                 Conjuration/Poison/Air       3
 e - a book of Annihilations

   Spells                             Type                      Level
   a - Poison Arrow                   Conjuration/Poison           6
   b - Chain Lightning                Conjuration/Air              8
   c - Lehudib's Crystal Spear        Conjuration/Earth            8
   d - Glaciate                       Conjuration/Ice              9
   e - Fire Storm                     Conjuration/Fire             9
 r - Kikubaaqudgha's Disquisition on Evil Secrets
   (Kikubaaqudgha gifted it to you on level 8 of the Dungeon)

   Spells                             Type                      Level
   a - Animate Dead                   Necromancy                   4
   b - Agony                          Necromancy                   5
   c - Cigotuvi's Embrace             Necromancy                   5
   d - Dispel Undead                  Necromancy                   5
   e - Simulacrum                     Ice/Necromancy               6
 B - a book of Geomancy

   Spells                             Type                      Level
   a - Sandblast                      Earth                        1
   b - Passwall                       Transmutation/Earth          2
   c - Stone Arrow                    Conjuration/Earth            3
   d - Petrify                        Transmutation/Earth          4
   e - Lee's Rapid Deconstruction     Earth                        5
 D - a book of Unlife

   Spells                             Type                      Level
   a - Recall                         Summoning/Translocation      3
   b - Animate Dead                   Necromancy                   4
   c - Control Undead                 Necromancy                   4
   d - Cigotuvi's Embrace             Necromancy                   5
   e - Death Channel                  Necromancy                   6
   f - Simulacrum                     Ice/Necromancy               6
 I - Kikubaaqudgha's Papyrus of Sinister Magic
   (Kikubaaqudgha gifted it to you on level 8 of the Dungeon)

   Spells                             Type                      Level
   a - Animate Skeleton               Necromancy                   1
   b - Corpse Rot                     Necromancy                   2
   c - Sublimation of Blood           Necromancy                   2
   d - Vampiric Draining              Necromancy                   3
   e - Control Undead                 Necromancy                   4
Comestibles
 d - 13 bread rations {@e1}
 g - a slice of pizza
 h - 9 meat rations {@e2}
 m - 4 fruits
 C - 4 beef jerkies


   Skills:
 - Level 6.6 Fighting
 * Level 7.3 Dodging
 - Level 9.0 Stealth
 + Level 8.6 Spellcasting
 - Level 7.0 Conjurations
 - Level 1.0 Summonings
 - Level 9.7 Necromancy
 - Level 2.3 Translocations
 - Level 2.1 Poison Magic


You had 6 spell levels left.
You knew the following spells:

 Your Spells              Type           Power        Failure   Level  Hunger
a - Magic Dart            Conj           ####         1%          1    None
c - Conjure Flame         Conj/Fire      #####...     1%          3    None
d - Mephitic Cloud        Conj/Pois/Air  #####...     1%          3    None
e - Call Imp              Summ           ####....     1%          2    None
f - Repel Missiles        Chrm/Air       ####..       1%          2    None
i - Vampiric Draining     Necr           ######....   1%          3    None
m - Animate Dead          Necr           N/A          1%          4    #......
p - Blink                 Tloc           N/A          1%          2    None
v - Sublimation of Blood  Necr           ######....   1%          2    None


Dungeon Overview and Level Annotations

Branches:
Dungeon (12/15)            Temple (1/1) D:6            Lair (1/8) D:8
    Orc (0/2) D:12

Altars:
Ashenzari
Cheibriados
Dithmenos
Elyvilon
Fedhas
Gozag
Kikubaaqudgha
Nemelex Xobeh
Okawaru
Pakellas
Qazlal
Ru
Sif Muna
Trog
Vehumet
Xom
Yredelemnul
Zin
The Shining One

Shops:
D:6 *   D:7 }

Annotations:
D:2 Natasha, Sigmund
D:5 pesado's ghost, amateur DsIE
D:12 Azrael
Lair:1 exclusion: hydra


Innate Abilities, Weirdness & Mutations

You cannot wear boots.
Your serpentine skin is tough (AC +4).
You have supernaturally acute eyesight.
Armour fits poorly on your strangely shaped body.
Your system is resistant to poisons.
You cover ground very slowly.
You have a slow metabolism.
You can spit poison.


Message History

The komodo dragon appears confused.
The komodo dragon is engulfed in noxious fumes.
The black bear barely misses itself.
The black bear claws itself. x2
The komodo dragon is engulfed in noxious fumes.
The komodo dragon appears confused.
Your magical contamination has completely faded away.
You reach down and close the door.
The komodo dragon seems less confused.
A komodo dragon is nearby!
The fire roars!
You now have 1/24 mp.
A centaur comes into view.
You are too injured to fight recklessly!
You are too injured to fight recklessly!
You hit the komodo dragon but do no damage.
The komodo dragon is poisoned.
You are starting to lose your buoyancy.
The komodo dragon is engulfed in roaring flames.
The komodo dragon bites you!!
You die...
Kikubaaqudgha rasps: "You have failed me!
Welcome... death!"

####### ##
#.#.#.###########.#########
..........................#
.######.#.##............h.##
.+.........#...P##.#####§..#
...........#...##..# #§§§.#
.#.........#....#..#####..##
.#..............#l...# #..#
...........#....@+...###..#
...........#....##...##...#
...............###...###..#
................####..##..##
..######..#.....####.###...#
..............<##.##.#P...##
..........................#
..........................#
....................l.....#


You could see a komodo dragon.

Vanquished Creatures
  An unseen horror (D:9)
  5 hill giants
  5 spiny frogs
  2 trolls
  11 yaks
  A wyvern (D:9)
  2 basilisks (D:8)
  A hungry ghost (D:8)
  3 hippogriffs
  2 water moccasins
  3 porcupines
  2 ice beasts (D:8)
  4 orc warriors
  A black bear (D:9)
  A necrophage (D:6)
  A phantom (D:9)
  2 sky beasts
  5 ogres
  11 wolves (Lair:1)
  3 centaurs
  3 crocodiles
  2 big kobolds (D:8)
  5 giant frogs
  7 scorpions
  11 killer bees
  A water moccasin skeleton (D:9)
  A howler monkey (D:11)
  5 wights (D:7)
  A centaur zombie (D:5)
  5 crimson imps
  A giant frog zombie (D:9)
  5 hounds
  5 orc priests
  3 giant frog skeletons
  2 jellies
  15 orc wizards
  A centaur skeleton (D:9)
  5 iguanas
  6 worker ants
  3 worker ant zombies
  8 gnolls
  A howler monkey skeleton (D:7)
  9 adders
  An ooze (D:6)
  2 adder skeletons
  3 worms
  4 dart slugs
  4 giant geckos
  38 orcs
  9 giant cockroaches
  6 hobgoblins
  9 jackals
  4 quokkas
  3 ball pythons
  9 bats
  3 giant newts
  8 goblins
  12 kobolds
  6 rats
292 creatures vanquished.

Vanquished Creatures (collateral kills)
  A hill giant (D:11)
  Prince Ribbit (D:7)
  6 yaks
  A hungry ghost (D:9)
  A water moccasin (Lair:1)
  A porcupine (Lair:1)
  An ogre (D:8)
  2 wolves (Lair:1)
  A centaur (D:8)
  A crocodile (D:8)
  Blork the orc (D:6)
  2 killer bees (D:8)
  A howler monkey (D:8)
  3 crimson imps
  A centaur skeleton (D:4)
  2 iguanas (Lair:1)
  A worker ant (D:8)
  A worker ant zombie (D:10)
  An adder (D:3)
  2 river rats (D:8)
  2 giant geckos
  A hobgoblin (D:1)
  2 kobolds (D:8)
  A goblin (D:3)
37 creatures vanquished.

Vanquished Creatures (others)
  A basilisk (Lair:1)
  A quokka (D:5)
  A bush (D:8)
  5 fungi
  5 plants
13 creatures vanquished.

Grand Total: 342 creatures vanquished

Notes
Turn   | Place    | Note
--------------------------------------------------------------
     0 | D:1      | vale the Naga Wizard began the quest for the Orb.
     0 | D:1      | Reached XP level 1. HP: 15/15 MP: 4/4
   329 | D:1      | Reached XP level 2. HP: 22/22 MP: 3/6
   568 | D:1      | Learned a level 2 spell: Blink
   571 | D:1      | Learned a level 2 spell: Call Imp
  1120 | D:1      | Reached XP level 3. HP: 28/28 MP: 5/7
  1768 | D:2      | Noticed Sigmund
  1829 | D:2      | Noticed Natasha
  2014 | D:1      | Learned a level 3 spell: Mephitic Cloud
  3080 | D:3      | Reached XP level 4. HP: 30/36 MP: 6/9
  3625 | D:3      | Found a bloodstained altar of Trog.
  3928 | D:4      | Learned a level 3 spell: Conjure Flame
  3994 | D:4      | Found an iron altar of Okawaru.
  4007 | D:3      | Reached XP level 5. HP: 25/42 MP: 6/11
  4572 | D:4      | Reached XP level 6. HP: 49/49 MP: 8/13
  4641 | D:4      | Reached skill level 5 in Spellcasting
  4823 | D:4      | Reached skill level 5 in Stealth
  4968 | D:4      | Found a radiant altar of Vehumet.
  5144 | D:3      | Reached XP level 7. HP: 41/55 MP: 10/15
  5345 | D:4      | Found a shimmering altar of Xom.
  5424 | D:4      | :-\
  5468 | D:5      | Entered Level 5 of the Dungeon
  6597 | D:5      | Reached XP level 8. HP: 62/62 MP: 0/18
  6997 | D:5      | Found a shattered altar of Ashenzari.
  7004 | D:5      | Found a white marble altar of Elyvilon.
  7152 | D:5      | Found a sparkling altar of Nemelex Xobeh.
  7406 | D:5      | Reached skill level 1 in Fighting
  7753 | D:5      | Noticed pesado's ghost (amateur DsIE)
  8202 | D:6      | Noticed Blork the orc
  8819 | D:6      | Killed Blork the orc
  8833 | D:6      | Learned a level 2 spell: Repel Missiles
  8838 | D:6      | Learned a level 4 spell: Animate Dead
  8867 | D:6      | Found a staircase to the Ecumenical Temple.
  8875 | Temple   | Entered the Ecumenical Temple
  8906 | Temple   | Became a worshipper of Kikubaaqudgha
  9060 | D:6      | Found Lokuimawk's General Store.
  9068 | D:6      | Bought a scroll of enchant armour for 75 gold pieces
  9068 | D:6      | Bought a scroll of identify for 20 gold pieces
  9068 | D:6      | Bought a scroll of enchant armour for 75 gold pieces
  9180 | D:7      | Found a white marble altar of Elyvilon.
  9364 | D:7      | Reached skill level 1 in Necromancy
  9562 | D:7      | Noticed Prince Ribbit
  9582 | D:7      | Reached skill level 1 in Poison Magic
  9582 | D:7      | Reached XP level 9. HP: 63/76 MP: 3/19
  9688 | D:7      | Found Durijyr's Gadget Emporium.
 10085 | D:7      | Found a shadowy altar of Dithmenos.
 10106 | D:7      | Killed Prince Ribbit
 10106 | D:7      | Reached skill level 5 in Conjurations
 10874 | D:8      | Found an oddly glowing altar of Pakellas.
 11035 | D:8      | Reached * piety under Kikubaaqudgha
 11035 | D:8      | Received a gift from Kikubaaqudgha
 11036 | D:8      | Identified Kikubaaqudgha's Papyrus of Sinister Magic (Kikubaaqudgha gifted it to you on level 8 of the Dungeon)
 11041 | D:8      | Learned a level 3 spell: Vampiric Draining
 11044 | D:8      | Learned a level 2 spell: Sublimation of Blood
 11053 | D:8      | Reached skill level 5 in Necromancy
 11089 | D:8      | Reached skill level 5 in Fighting
 11106 | D:7      | Reached XP level 10. HP: 25/88 MP: 1/20
 12984 | D:8      | Found a staircase to the Lair.
 13605 | D:8      | Found a glowing silver altar of Zin.
 13633 | D:8      | Reached ** piety under Kikubaaqudgha
 15031 | D:9      | Noticed a hill giant
 15159 | D:9      | Killed a hill giant
 15609 | D:9      | Reached XP level 11. HP: 70/99 MP: 14/21
 15827 | D:9      | Found an opulent altar of Gozag.
 16129 | D:10     | Entered Level 10 of the Dungeon
 16129 | D:10     | Noticed a hill giant
 16131 | D:10     | Noticed an unseen horror
 16152 | D:9      | Killed a hill giant
 16402 | D:9      | Killed an unseen horror
 16954 | D:10     | Noticed a hill giant
 16969 | D:10     | Killed a hill giant
 16970 | D:10     | great title
 17108 | D:10     | Noticed a hill giant
 17127 | D:10     | Killed a hill giant
 17613 | D:10     | Noticed a hill giant
 17620 | D:10     | Killed a hill giant
 17620 | D:10     | Reached skill level 5 in Dodging
 18031 | D:11     | Noticed a hill giant
 18042 | D:11     | Killed a hill giant
 18222 | D:12     | Found a staircase to the Orcish Mines.
 18222 | D:12     | Noticed Azrael
 18549 | Lair:1   | Entered Level 1 of the Lair of Beasts
 18783 | Lair:1   | Got a brightly glowing battleaxe
 18784 | Lair:1   | Identified the +2 battleaxe "Hubeboc" {vamp, Int+3} (You found it on level 1 of the Lair of Beasts)
 19777 | D:8      | Reached *** piety under Kikubaaqudgha
 19777 | D:8      | Received a gift from Kikubaaqudgha
 19778 | D:8      | Identified Kikubaaqudgha's Disquisition on Evil Secrets (Kikubaaqudgha gifted it to you on level 8 of the Dungeon)
 19960 | Lair:1   | Noticed a seven-headed hydra
 20924 | Lair:1   | Reached XP level 12. HP: 64/106 MP: 1/24
 21112 | Lair:1   | Slain by a komodo dragon

Skill      XL: |  1  2  3  4  5  6  7  8  9 10 11 12 |
---------------+-------------------------------------+-----
Conjurations   | 2 3 4 6 7 |  7.0
Spellcasting   | 4 5 6 7 8 |  8.6
Stealth        | 4 5 7 9 |  9.0
Fighting       | 3 5 6 |  6.6
Necromancy     | 2 6 8 9 |  9.7
Poison Magic   | 1 2 |  2.1
Dodging        | 3 6 7 |  7.3
Translocations | 2 |  2.3
Summonings     | |  1.0

Action                   |  1- 3 |  4- 6 |  7- 9 | 10-12 || total
-------------------------+-------+-------+-------+-------++-------
Melee: Dagger            |    13 |    59 |    49 |   339 ||   460
       Short sword       |       |       |   127 |    52 ||   179
 Fire: Blowgun           |       |     4 |     6 |       ||    10
Throw: Tomahawk          |       |     2 |     4 |     2 ||     8
 Cast: Magic Dart        |   101 |    97 |   241 |   298 ||   737
       Call Imp          |     9 |     9 |    13 |     4 ||    35
       Mephitic Cloud    |     4 |     9 |    51 |    70 ||   134
       Blink             |       |     3 |     2 |    13 ||    18
       Conjure Flame     |       |     3 |    19 |    40 ||    62
       Animate Dead      |       |       |     6 |    39 ||    45
       Sublimation of Bl |       |       |     2 |     3 ||     5
       Vampiric Draining |       |       |       |    11 ||    11
       Repel Missiles    |       |       |       |     3 ||     3
 Abil: Spit Poison       |    11 |    10 |    17 |    22 ||    60
Evoke: Wand              |       |       |       |     6 ||     6
  Use: Scroll            |       |     1 |    24 |     9 ||    34
       Potion            |       |       |     2 |     3 ||     5
 Stab: Confused          |       |     2 |    13 |    23 ||    38
       Sleeping          |       |       |       |     5 ||     5
       Distracted        |       |       |       |     1 ||     1
  Eat: Chunk             |     6 |     6 |    25 |    37 ||    74
       Pizza             |       |       |       |     2 ||     2
       Royal jelly       |       |       |       |     1 ||     1
Armor: Robe              |     6 |    18 |    32 |   103 ||   159
       Skin              |       |       |       |    49 ||    49
Dodge: Dodged            |    16 |    54 |    70 |   179 ||   319
       Deflected         |       |       |       |     4 ||     4
